 Dungeon Crawl Stone Soup version 0.30-a0-166-g5d06c95188 (webtiles) character file.

Game seed: 10371108895146338505

30561 Malachi the Victor of a Thousand Battles (level 13, -3/110 HPs)
             Began as a Palentonga Brigand on Sept 29, 2022.
             Was the Champion of Okawaru.
             Killed by divine providence
             ... invoked by a meliai
              (12 damage)
             ... on level 14 of the Dungeon.
             The game lasted 00:29:17 (23249 turns).

Malachi the Victor of a Thousand Battles (PaBr)    Turns: 23249, Time: 00:29:18

Health: -3/110     AC: 39    Str: 17    XL:     13   Next: 21%
Magic:  20/22      EV: 13    Int: 14    God:    Okawaru [******]
Gold:   1966       SH: 15    Dex: 25    Spells: 12/12 levels left

rFire   + . .      SeeInvis +    a - +6 dagger (elec)
rCold   . . .      Faith    .    u - +0 kite shield
rNeg    . . .      Spirit   .    U - +7 chain mail of Soagh {Will+ Int+2}
rPois   .          Reflect  .    s - +0 helmet
rElec   .          Harm     .    c - +0 cloak
rCorr   .          Rampage  .    N - +0 pair of gloves {Dex+3}
Will    +....                    h - +4 barding {rF+}
Stlth   +.........               (no amulet)
HPRegen 0.28/turn                n - +4 ring of evasion
MPRegen 0.18/turn                o - +6 ring of dexterity

@: mighty, heroic, curled up
A: large, rugged brown scales 3, see invisible, deformed body, roll 1, armoured
tail, reflexive curl
a: Rolling Charge, Renounce Religion, Heroism, Finesse, Duel


You were on level 14 of the Dungeon.
You worshipped Okawaru.
Okawaru was exalted by your worship.
You visited 2 branches of the dungeon, and saw 15 of its levels.
You visited 1 bazaar.
You also visited: Ossuary and Bailey.

You collected 2138 gold pieces.
You spent 172 gold pieces at shops.

Inventory:

Hand Weapons
 a - a +6 dagger of electrocution (weapon)
 r - a +0 club
 K - a +0 rapier of draining
 L - a +3 dagger of venom
Missiles
 d - 49 poisoned darts
 e - 5 curare-tipped darts
 G - 2 datura-tipped darts
Armour
 c - a +0 cloak (worn)
 h - a +4 barding of fire resistance (worn)
 s - a +0 helmet (worn)
 u - a +0 kite shield (worn)
 F - a +0 hat of stealth
 N - a +0 pair of gloves of dexterity (worn)
 U - the +7 chain mail of Soagh (worn) {Will+ Int+2}
   (Okawaru gifted it to you on level 13 of the Dungeon)

   Int:       It affects your intelligence (+2).
   Will:      It increases your willpower.
Jewellery
 n - a +4 ring of evasion (left hand)
 o - a +6 ring of dexterity (right hand)
 M - a ring of fire
 S - a ring of willpower
 T - an amulet of guardian spirit
Wands
 y - a wand of light (12)
 J - a wand of polymorph (7)
 Q - a wand of flame (13)
Scrolls
 f - 6 scrolls of teleportation
 g - 2 scrolls of fog
 j - 4 scrolls of immolation
 k - a scroll of torment
 l - 3 scrolls of vulnerability
 m - 2 scrolls of magic mapping
 w - a scroll of amnesia
 C - 2 scrolls of blinking
 O - a scroll of brand weapon
 P - 2 scrolls of poison
Potions
 b - 4 potions of attraction
 i - 2 potions of haste
 p - 15 potions of curing
 q - a potion of might
 v - 3 potions of brilliance
 x - 3 potions of flight
 z - a potion of resistance {unknown}
 A - 2 potions of lignification {unknown}
 B - 4 potions of invisibility {unknown}
 D - a potion of degeneration {unknown}
 E - a potion of cancellation {unknown}
 H - 3 potions of heal wounds {unknown}
 I - 4 potions of magic {unknown}


   Skills:
 - Level 10.0(15.0) Fighting
 - Level 10.0(15.0) Short Blades
 - Level 2.1(7.1) Throwing
 + Level 5.7(10.7) Armour
 + Level 5.8(10.8) Dodging
 - Level 2.6(7.6) Stealth
 - Level 10.0(15.0) Shields
 - Level 12.0 Invocations


You had 12 spell levels left.
You didn't know any spells.
Your spell library contained the following spells:

 Spells                   Type           Power      Damage    Failure   Level
 Apportation              Tloc           0%         N/A       99%         1
 Foxfire                  Conj/Fire      0%         2x1d4     99%         1
 Necrotise                Necr           0%         1d4       99%         1
 Ensorcelled Hibernation  Hex/Ice        0%         N/A       99%         2
 Passwall                 Tmut/Erth      0%         N/A       99%         2
 Frozen Ramparts          Ice            0%         1d1       100%        3
 Inner Flame              Hex/Fire       0%         N/A       100%        3
 Portal Projectile        Hex/Tloc       0%         N/A       100%        3
 Swiftness                Air            0%         N/A       100%        3
 Flame Wave               Conj/Fire      0%         2d4       100%        4
 Ice Form                 Ice/Tmut       0%         N/A       100%        4
 Leda's Liquefaction      Hex/Erth       0%         N/A       100%        4
 Sticky Flame             Conj/Fire      0%         2d3       100%        4
 Arcjolt                  Conj/Air       0%         1d10      100%        5
 Iskenderun's Battlesphe  Conj           0%         2d6       100%        5
 Iron Shot                Conj/Erth      0%         9d1       100%        6
 Storm Form               Tmut/Air       0%         N/A       100%        7
 Maxwell's Capacitive Co  Air            0%         ∞         100%        8
 Summon Small Mammal      Summ           Unusable   N/A       N/A         1
 Call Canine Familiar     Summ           Unusable   N/A       N/A         3
 Summon Ice Beast         Ice/Summ       Unusable   N/A       N/A         4
 Spellforged Servitor     Conj/Summ      Unusable   N/A       N/A         7

Dungeon Overview and Level Annotations

Branches:
Dungeon (14/15)            Temple (1/1) D:5            Lair (0/5) D:9
    Orc (0/2) D:9         Ossuary (visited)          Bailey (visited)
 Vaults: D:13-14

Altars:
Ashenzari
Cheibriados
Dithmenos
Elyvilon
Fedhas
Gozag
Hepliaklqana
Kikubaaqudgha
Makhleb
Nemelex Xobeh
Okawaru
Qazlal
Ru
Sif Muna
Trog
Uskayaw
Vehumet
Wu Jian
Xom
Yredelemnul
Zin
The Shining One
Lugonu

Shops:
D:4 *   D:7 :   D:8 *[


Innate Abilities, Weirdness & Mutations

You are completely covered in rugged brown scales. (AC +3, +7% HP)
You have supernaturally acute eyesight. (SInv)
Armour fits poorly on your strangely shaped body.
You can roll at nearby foes to attack.
You have a long armoured tail.
You curl defensively after being hit. (AC +7*)


Message History

You hit the meliai. Lightning courses through the meliai!
You kill the meliai!
Okawaru accepts your kill.
The meliai hits you with a +1 vorpal hand axe!
You block the meliai's attack.
Unknown command.
You are too injured to fight recklessly!
Unknown command.
You are too injured to fight recklessly!
Unknown command.
You are too injured to fight recklessly!
Unknown command.
You are too injured to fight recklessly!
You are too injured to fight recklessly!
You feel very mighty all of a sudden. The meliai closely misses you.
The meliai stings you but does no damage.
The meliai hits you with a +1 vorpal hand axe.
The meliai stings you but does no damage.
The manticore bites you!
* * * LOW HITPOINT WARNING * * *
The manticore barely misses you.
The manticore claws you but does no damage.
The meliai hits you with a +0 war axe!
* * * LOW HITPOINT WARNING * * *
The meliai stings you but does no damage.
The meliai barely misses you. You block the meliai's attack.
You gain the combat prowess of a mighty hero.
You block the meliai's attack. x2
The meliai hits you with a +1 vorpal hand axe!
* * * LOW HITPOINT WARNING * * *
x2 You block the meliai's attack.
The manticore bites you but does no damage.
The manticore claws you.
* * * LOW HITPOINT WARNING * * *
The manticore claws you but does no damage.
The meliai closely misses you. The meliai misses you.
The meliai invokes the aid of its god against you.
Something smites you!
You die...

#...............
#.......#####... .
#........# ##.. #..
##......######... #...
###..............†
#..###.................
#......................
##....H)................
#.....y@................
......y.................
..##................###.
##.......#...######..
##....###...# #.. #...##
#...# #.. #...## ##..#
#.. #..## #..# ...# #..#


You could see a manticore and 2 meliai.

Vanquished Creatures
  Gastronok (D:11)
  The ghost of Ataumnicw the Unseen, a journeyman SpEn of Dithmenos (D:12)
  A hydra (D:13)
  A catoblepas (D:13)
  4 two-headed ogres
  2 centaur warriors (D:13)
  2 boulder beetles
  Lodul (D:11)
  A fire crab (shapeshifter) (D:14)
  Pikel (D:6)
  A wizard (D:13)
  An orc knight (Bailey)
  An ugly thing (D:13)
  A manticore (D:11)
  5 cyclopes
  An unseen horror (D:12)
  A gargoyle (D:13)
  4 meliai
  3 trolls
  A hornet (D:9)
  Prince Ribbit (D:6)
  6 slime creatures
  6 wraiths
  5 vampires
  11 yaks
  A wyvern (D:10)
  2 shadows
  A hog (shapeshifter) (D:14)
  Eustachio (D:6)
  6 vampire mosquitoes (D:13)
  A steam dragon (D:9)
  4 acid dragons
  A water moccasin (D:6)
  2 floating eyes (D:10)
  A sky beast (D:7)
  A black bear (D:8)
  16 orc warriors
  An ice beast (D:7)
  9 ogres
  12 centaurs
  3 phantoms
  A lemure (D:6)
  3 gnoll sergeants
  4 elf zombies (Ossuary)
  4 kobold brigands
  5 scorpions
  3 bullfrogs
  14 wights
  26 killer bees
  4 electric eels
  2 howler monkeys (D:7)
  3 centaur zombies (Ossuary)
  2 hounds
  A jelly (D:5)
  5 human zombies (Ossuary)
  Crazy Yiuf (D:6)
  4 orc priests
  A gnoll bouda (D:6)
  4 iguanas (D:5)
  11 orc wizards
  A statue (D:6)
  4 mummies
  Robin (D:2)
  18 gnolls
  8 adders
  A shadow imp (D:6)
  4 white imps
  2 ufetubi
  41 orcs
  6 ball pythons
  4 bats
  5 endoplasms
  5 giant cockroaches
  12 goblins
  10 hobgoblins
  2 jackals (D:4)
  16 kobolds
  6 quokkas
  A frilled lizard (D:1)
  8 rats
  A spectral goblin (D:6)
  A butterfly (D:8)
380 creatures vanquished.

Vanquished Creatures (others)
  A centaur warrior (D:13)
  8 plants (D:9)
9 creatures vanquished.

Grand Total: 389 creatures vanquished

Notes
Turn   | Place    | Note
-------+----------+-------------------------------------------
     0 | D:1      | Malachi the Palentonga Brigand began the quest for the Orb.
     0 | D:1      | Reached XP level 1. HP: 17/17 MP: 1/1
    10 | D:1      | Found a faded altar of an unknown god.
   200 | D:1      | Reached XP level 2. HP: 23/23 MP: 2/2
   392 | D:1      | Reached XP level 3. HP: 12/28 MP: 3/3
   877 | D:2      | Noticed Robin
   887 | D:2      | Killed Robin
  1209 | D:2      | Reached XP level 4. HP: 23/35 MP: 4/4
  1972 | D:3      | Noticed a phantom
  2011 | D:3      | Killed a phantom
  2012 | D:3      | Reached skill level 5 in Short Blades
  2012 | D:3      | Reached XP level 5. HP: 25/40 MP: 5/5
  2402 | D:3      | Noticed an ogre
  2422 | D:3      | Killed an ogre
  2423 | D:3      | Reached XP level 6. HP: 20/47 MP: 6/6
  3430 | D:4      | Found Zahapor's General Store.
  3549 | D:4      | Noticed an orc warrior
  3561 | D:4      | Killed an orc warrior
  4048 | D:4      | Found a sand-covered staircase.
  4111 | Ossuary  | Entered an ossuary
  4272 | Ossuary  | Gained mutation: You curl defensively after being hit. (AC
                  | +7*) [Palentonga growth]
  4272 | Ossuary  | Reached XP level 7. HP: 46/53 MP: 7/7
  5201 | Ossuary  | Reached XP level 8. HP: 3/59 MP: 8/8
  5737 | Ossuary  | Identified a scroll of acquirement
  5737 | Ossuary  | Acquired a +1 barding of fire resistance
  6915 | D:4      | Reached skill level 10 in Short Blades
  6915 | D:4      | Reached skill level 1 in Shields
  7004 | D:5      | Entered Level 5 of the Dungeon
  8063 | D:5      | Found a staircase to the Ecumenical Temple.
  8083 | Temple   | Entered the Ecumenical Temple
  8132 | Temple   | Became a worshipper of Warmaster Okawaru
  8498 | D:6      | Found a radiant altar of Vehumet.
  8645 | D:6      | Reached skill level 5 in Shields
  8657 | D:6      | Got the Anthology of Harmful Weather
  8838 | D:6      | Noticed Eustachio
  8860 | D:6      | Killed Eustachio
  8861 | D:6      | Reached XP level 9. HP: 60/67 MP: 9/9
  9029 | D:6      | Noticed Pikel
  9068 | D:6      | Killed Pikel
  9068 | D:6      | Reached * piety under Okawaru
  9346 | D:6      | Found a runed translucent door.
  9347 | D:6      | Noticed Crazy Yiuf
  9800 | D:6      | Found a hazy altar of Hepliaklqana.
  9900 | D:6      | Noticed Prince Ribbit
  9913 | D:6      | Killed Prince Ribbit
 10064 | D:6      | Killed Crazy Yiuf
 10262 | D:7      | Reached ** piety under Okawaru
 10319 | D:7      | Found Untyoll's Book Emporium.
 10707 | D:7      | Found a flagged portal.
 10716 | Bailey   | Entered a bailey
 10745 | Bailey   | Reached XP level 10. HP: 57/83 MP: 10/10
 12203 | Bailey   | Reached skill level 10 in Fighting
 12422 | Bailey   | Noticed an orc knight
 12480 | Bailey   | Killed an orc knight
 12480 | Bailey   | Reached *** piety under Okawaru
 13275 | D:7      | Found a snail-covered altar of Cheibriados.
 13795 | D:8      | Found Getutacs's Armour Emporium.
 13803 | D:8      | Bought a +0 pair of gloves of dexterity for 172 gold pieces
 13816 | D:8      | Found a burning altar of Makhleb.
 13882 | D:8      | Reached **** piety under Okawaru
 13888 | D:8      | Found a shimmering blue altar of Sif Muna.
 14111 | D:8      | Found a hide-covered altar of Uskayaw.
 14224 | D:8      | Acquired 1013 gold pieces
 14818 | D:8      | Found Caupra's General Store.
 14865 | D:8      | Found a large runed translucent door.
 14865 | D:8      | Found a large runed translucent door.
 14936 | D:8      | Found a white marble altar of Elyvilon.
 15011 | D:8      | Found a basalt altar of Yredelemnul.
 15011 | D:8      | Found a sparkling altar of Nemelex Xobeh.
 15016 | D:8      | Found a stormy altar of Qazlal.
 15326 | D:8      | Found a broken altar of Ashenzari.
 15344 | D:8      | Found an ornate altar of the Wu Jian Council.
 15477 | D:9      | Reached XP level 11. HP: 70/96 MP: 11/11
 15492 | D:9      | Received a gift from Okawaru
 15929 | D:9      | Found an ancient bone altar of Kikubaaqudgha.
 16338 | D:9      | Found a staircase to the Lair.
 16599 | D:9      | Found a staircase to the Orcish Mines.
 16609 | D:9      | Reached skill level 10 in Shields
 16617 | D:9      | Reached skill level 1 in Invocations
 16625 | D:9      | Identified the +2 whip "Hoajesm" {protect, rF- rC++ rN+}
 16637 | D:9      | Found a glowing golden altar of the Shining One.
 16671 | D:9      | Paralysed by a hornet for 1 turns
 16677 | D:9      | Paralysed by a hornet for 1 turns
 16980 | D:9      | Reached skill level 2 in Invocations
 17060 | D:10     | Entered Level 10 of the Dungeon
 17230 | D:10     | Reached skill level 3 in Invocations
 17451 | D:10     | Found a sacrificial altar of Ru.
 17523 | D:10     | Reached ***** piety under Okawaru
 17536 | D:10     | Reached skill level 4 in Invocations
 17660 | D:10     | Paralysed by a floating eye for 4 turns
 17671 | D:10     | Paralysed by a floating eye for 4 turns
 17681 | D:10     | Reached skill level 5 in Invocations
 17681 | D:10     | Paralysed by a floating eye for 4 turns
 17707 | D:10     | Noticed a two-headed ogre
 17751 | D:10     | Killed a two-headed ogre
 17752 | D:10     | Reached skill level 6 in Invocations
 18167 | D:10     | Reached skill level 7 in Invocations
 18175 | D:10     | HP: 3/96 [electric eel/bolt of electricity (5)]
 18312 | D:10     | Noticed a two-headed ogre
 18534 | D:10     | Killed a two-headed ogre
 18535 | D:10     | Reached skill level 8 in Invocations
 19211 | D:11     | Noticed Gastronok
 19228 | D:11     | Killed Gastronok
 19228 | D:11     | Identified the -1 barding of Death's Door {MP+9} (Okawaru
                  | gifted it to you on level 11 of the Dungeon)
 19228 | D:11     | Received a gift from Okawaru
 19229 | D:11     | Reached skill level 9 in Invocations
 19296 | D:11     | Noticed Lodul
 19316 | D:11     | Killed Lodul
 19317 | D:11     | Reached skill level 10 in Invocations
 19317 | D:11     | Reached XP level 12. HP: 100/103 MP: 19/19
 19514 | D:11     | Noticed a two-headed ogre
 19522 | D:11     | Killed a two-headed ogre
 20038 | D:11     | Reached skill level 11 in Invocations
 20370 | D:12     | Found a flickering gateway to a bazaar.
 20384 | D:12     | Found an opulent altar of Gozag.
 20552 | Bazaar   | Entered a bazaar
 20554 | Bazaar   | Found Cotogg's Magic Scroll Boutique.
 20558 | Bazaar   | Found Xal Aze's Magic Scroll Boutique.
 20558 | Bazaar   | Found Teini Hiysec's Assorted Antiques.
 20559 | Bazaar   | Found Xorae's Distillery.
 20610 | D:12     | Noticed a two-headed ogre
 20617 | D:12     | Killed a two-headed ogre
 20618 | D:12     | Reached skill level 12 in Invocations
 20618 | D:12     | Reached skill level 1 in Armour
 20618 | D:12     | Reached skill level 1 in Dodging
 20761 | D:12     | Found a runed translucent door.
 20761 | D:12     | Noticed Ataumnicw's ghost (journeyman SpEn)
 20805 | D:12     | Killed Ataumnicw's ghost
 20812 | D:12     | Reached ****** piety under Okawaru
 21551 | D:13     | Noticed a centaur warrior
 21561 | D:13     | Noticed a centaur warrior
 21570 | D:13     | Noticed a catoblepas
 21572 | D:13     | Killed a centaur warrior
 21592 | D:13     | Killed a centaur warrior
 21592 | D:13     | Received a gift from Okawaru
 21653 | D:13     | Killed a catoblepas
 21849 | D:13     | Noticed a boulder beetle
 21903 | D:13     | Noticed a four-headed hydra
 21911 | D:13     | Killed a four-headed hydra
 22016 | D:13     | Noticed a centaur warrior
 22025 | D:13     | Killed a centaur warrior
 22025 | D:13     | Identified the +7 chain mail of Soagh {Will+ Int+2}
                  | (Okawaru gifted it to you on level 13 of the Dungeon)
 22025 | D:13     | Received a gift from Okawaru
 22221 | D:13     | Killed a boulder beetle
 22222 | D:13     | Reached XP level 13. HP: 94/110 MP: 22/22
 22299 | D:13     | Reached skill level 5 in Dodging
 22425 | D:13     | Reached skill level 5 in Armour
 23249 | D:14     | Killed from afar by a meliai

Illustrated notes

Levels and vault maps discovered:
D:1:      minmay_arrival_stone_box, layout_rooms, basic_ecumenical_altar
D:2:      layout_loops_cross, uniq_robin
D:3:      layout_basic, dreamdust_princess_bridge
D:4:      minmay_diamond_boxcup, layout_loops_ring,
          nicolae_ossuary_entry_monument, nicolae_stop_n_shop_1,
          guppyfry_early_orc_mine
D:5:      layout_basic, minmay_temple_entry_hall
D:6:      layout_basic, vehumet_statue, nicolae_hepliaklqana_monster_ancestors,
          uniq_crazy_yiuf_cottage, uniq_eustachio, uniq_prince_ribbit1,
          uniq_pikel
D:7:      layout_basic, slow_altar_1, serial_shops, shop, enter_bailey_5,
          nicolae_titane
D:8:      layout_loops_ring, nicolae_elyvilon_peaceful_grove,
          nicolae_uskayaw_dance_hall, mainiacjoe_overflow_concentric_impassable,
          minitemple, jmf_multi_god_temple2, serial_shops,
          nicolae_shop_statue_plus, nicolae_shop_advertising_works
          [nicolae_subvault_shop_adworks]
D:9:      layout_loops_ring, mainiacjoe_overflow_boulevard, tso_altar,
          lair_entry_dummy, orc_0_dummy
D:10:     layout_big_octagon, mainiacjoe_overflow_catwalk, onia_ninara_cookie
D:11:     layout_cave_pods, uniq_gastronok, uniq_lodul
D:12:     layout_gridville, ebering_ghost_inner_flame, serial_shops,
          bzr_entry_dummy, minmay_misc_feat_tiny, minivault_14,
          nicolae_gozag_cash_rules_everything_around_me
D:13:     layout_rooms
D:14:     layout_layer_cave, erik_vaults_1, minmay_misc_feat_encased,
          dk_noncrumbling_3, grunt_ministairs_10
Temple:   corrupted_temple

Skill      XL: |  1  2  3  4  5  6  7  8  9 10 11 12 13 |
---------------+----------------------------------------+-----
Throwing       | 2 |  2.1
Short Blades   | 3 5 6 7 9 10 | 10.0
Shields        | 5 9 10 | 10.0
Fighting       | 3 9 10 | 10.0
Invocations    | 10 12 | 12.0
Armour         | 4 5 |  5.7
Dodging        | 4 5 |  5.8
Stealth        | |  2.6

Action                   |  1- 3 |  4- 6 |  7- 9 | 10-12 | 13-15 || total
-------------------------+-------+-------+-------+-------+-------++-------
Melee: Dagger            |   127 |   195 |   620 |  1038 |   116 ||  2096
       Tailslap          |    13 |    27 |   106 |   202 |    27 ||   375
       Punch             |     1 |       |     8 |       |       ||     9
Throw: Dart              |     1 |     9 |     1 |    18 |       ||    29
       Throwing net      |       |       |       |     1 |       ||     1
Invok: Heroism           |       |       |       |     1 |     1 ||     2
 Abil: Rolling Charge    |     3 |     1 |     1 |    13 |     2 ||    20
Evoke: Wand              |       |       |       |     2 |       ||     2
  Use: Scroll            |       |    10 |    12 |     9 |     1 ||    32
       Potion            |       |       |       |     2 |     1 ||     3
 Stab: Invisible         |       |       |       |     1 |       ||     1
       Held in net/web   |       |       |       |     1 |       ||     1
       Petrified         |       |       |       |     3 |       ||     3
       Sleeping          |       |       |       |     2 |       ||     2
Armor: Robe              |    35 |       |       |       |       ||    35
       Chain mail        |    25 |    98 |   220 |   253 |    62 ||   658
       Troll leather arm |       |       |       |    77 |       ||    77
Dodge: Dodged            |    64 |    97 |    96 |   164 |    34 ||   455
Block: Kite shield       |       |       |    99 |   400 |    67 ||   566

Table legend: (Time is in decaauts)
 A = Elapsed time spent in this place.
 B = Non-inter-level travel time spent in this place.
 C = Inter-level travel time spent in this place.
 D = Time resting spent in this place.
 E = Time spent auto-exploring this place.
 F = Levels seen in this place.
 G = Mean time per level.
                   A        B        C        D        E       F      G
               +--------+--------+--------+--------+--------+-----+--------+
         Total |  22590 |  22145 |    445 |   7250 |  11444 |  18 | 1255.0 |
       Dungeon |  18302 |  17881 |    421 |   3967 |  11175 |  14 | 1307.3 |
        Temple |     66 |     42 |     24 |      0 |     23 |   1 |   66.0 |
        Bazaar |     29 |     29 |      0 |      0 |      0 |   1 |   29.0 |
       Ossuary |   1737 |   1737 |      0 |   1324 |    156 |   1 | 1737.0 |
        Bailey |   2454 |   2454 |      0 |   1958 |     90 |   1 | 2454.0 |
               +--------+--------+--------+--------+--------+-----+--------+

Top non-repeatable levels by time:
  Bailey: 2454 daAuts
    D:10: 1966 daAuts
     D:3: 1808 daAuts
 Ossuary: 1737 daAuts
     D:6: 1695 daAuts
     D:9: 1573 daAuts
     D:8: 1559 daAuts
    D:12: 1398 daAuts
     D:4: 1379 daAuts
     D:5: 1371 daAuts
    D:13: 1220 daAuts
     D:7: 1089 daAuts
     D:2: 1047 daAuts
    D:11: 943 daAuts
     D:1: 836 daAuts
